Map: Lost and Found LE

Players

Elazer

  • Race: Zerg Zerg
  • Spawn Location: 7:00

SpeCial - Winner!

  • Race: Terran Terran
  • Spawn Location: 1:00

Event: WCS Valencia 2018

VOD

Have the link to the VOD?

Description

Time

  • Played on: July 12, 2018, 2:37 p.m.
  • Length: 12:11

All games in this series

Show
View Real Time Build Order
Export as new Build Order

Elazer Zerg 

Build Orders: Hatch First, Roach Hydra 

Get SALT Encoding   

  12  0:00  Drone  
  13  0:12  Overlord  
  13  0:17  Drone  
  14  0:31  Drone x2  
  16  0:47  Hatchery  
  15  0:51  Drone  
  15  0:54  Drone  
  17  0:57  Drone  
  18  1:07  Extractor  
  17  1:12  Spawning Pool  
  17  1:15  Drone  
  17  1:19  Drone  
  18  1:27  Drone  
  19  1:38  Drone  
  20  1:49  Drone  
  21  1:58  Queen  
  21  1:59  Queen  
  21  2:00  Zergling x4  
  27  2:13  Hatchery  
  26  2:17  Overlord  
  26  2:22  Drone  
  27  2:25  Overlord  
  27  2:28  Drone  
  28  2:38  Metabolic Boost  
  28  2:43  Drone x3  
  31  2:49  Queen  
  33  2:54  Overlord  
  33  2:57  Drone  
  34  2:59  Drone  
  35  3:05  Drone  
  36  3:13  Drone x2  
  36  3:14  Drone x3  
  41  3:25  Queen  
  41  3:26  Queen  
  44  3:28  Overlord  
  44  3:32  Drone x2  
  46  3:37  Queen  
  48  3:43  Drone  
  48  3:44  Overlord  
  49  3:49  Drone x3  
  49  3:52  Zergling x4  
  49  3:54  Zergling x2  
  55  3:57  Zergling x4  
  55  4:01  Overlord  
  57  4:11  Queen  
  57  4:15  Drone  
  57  4:16  Spore Crawler, Drone  
  59  4:18  Zergling x4  
  59  4:20  Overlord  
  59  4:22  Drone x4  
  64  4:25  Drone  
  64  4:26  Drone  
  64  4:27  Spore Crawler  
  64  4:34  Spore Crawler, Drone x2  
  64  4:35  Drone  
  66  4:39  Spore Crawler  
  66  4:42  Lair  
  66  4:43  Drone  
  66  4:46  Drone x2  
  66  4:47  Drone  
  66  4:50  Drone  
  66  4:51  Drone  
  72  4:52  Drone  
  72  4:53  Drone  
  72  4:56  Drone x2  
  75  5:00  Baneling Nest  
  75  5:04  Overlord  
  75  5:06  Zergling x4  
  76  5:09  Extractor  
  76  5:10  Extractor  
  76  5:11  Drone x5  
  79  5:17  Extractor  
  79  5:20  Drone x4  
  82  5:23  Evolution Chamber  
  82  5:24  Drone x2  
  82  5:25  Extractor  
  82  5:26  Evolution Chamber  
  81  5:28  Overlord  
  81  5:29  Drone  
  81  5:30  Drone x2  
  81  5:31  Drone  
  81  5:34  Drone  
  86  5:35  Drone  
  86  5:41  Overlord  
  86  5:50  Zergling x8  
  86  5:56  Hatchery  
  89  6:01  Zerg Missile Weapons Level 1, Drone  
  89  6:02  Drone x2  
  89  6:03  Drone, Roach Warren  
  89  6:04  Extractor, Drone x2  
  94  6:07  Overlord  
  94  6:09  Baneling x4  
  94  6:10  Overlord  
  93  6:14  Baneling x2  
  93  6:16  Zergling x2  
  93  6:17  Zergling x10  
  93  6:18  Queen  
  101  6:20  Baneling x4  
  99  6:27  Drone x2  
  99  6:28  Drone x2  
  88  6:33  Drone x6  
  84  6:42  Drone x4  
  84  6:44  Drone  
  84  6:47  Zerg Ground Armor Level 1  
  84  6:52  Glial Reconstitution  
  84  6:53  Overlord  
  82  6:56  Infestation Pit, Roach  
  82  6:57  Roach  
  85  7:02  Roach x2  
  85  7:06  Roach  
  91  7:09  Hydralisk Den  
  91  7:10  Drone x2  
  91  7:12  Drone  
  93  7:20  Roach x2  
  93  7:22  Roach x3  
  103  7:24  Extractor  
  103  7:27  Roach  
  103  7:28  Roach x4  
  112  7:31  Overlord  
  112  7:35  Hive  
  112  7:38  Extractor, Drone x3  
  112  7:39  Drone x2  
  116  7:45  Drone x2  
  116  7:46  Drone  
  116  7:47  Ravager  
  116  7:49  Muscular Augments  
  120  7:52  Overlord  
  120  7:55  Roach x8  
  120  7:58  Zerg Missile Weapons Level 2  
  136  8:02  Drone  
  136  8:03  Overlord, Drone x2  
  136  8:05  Overlord  
  139  8:10  Overlord  
  139  8:23  Hydralisk x7  
  147  8:34  Hatchery  
  146  8:43  Overlord, Hydralisk x6  
  146  8:44  Hydralisk  
  154  8:50  Overlord  
  154  8:51  Drone x5  
  154  8:54  Drone x5  
  158  9:00  Drone x5  
  158  9:01  Drone  
  152  9:05  Drone x2  
  149  9:13  Drone x5  
  149  9:16  Drone x2  
  146  9:18  Drone  
  144  9:24  Overlord  
  144  9:25  Drone x3  
  147  9:33  Overlord  
  147  9:35  Spawning Pool, Overlord  
  147  9:37  Grooved Spines  
  146  9:46  Viper x4  
  146  9:48  Hydralisk  
  146  9:49  Hydralisk  
  162  9:54  Hydralisk x3  
  166  10:00  Hydralisk x3  
  166  10:04  Ravager x2  
  166  10:05  Ravager x3  
  177  10:11  Ravager x4  
  177  10:12  Roach x6  
  168  10:33  Hydralisk x10  
  167  10:36  Hydralisk  
  167  10:40  Queen  
  146  10:50  Hydralisk x4  
  131  10:59  Viper x2  
  131  11:02  Queen  
  135  11:04  Drone x3  
  135  11:09  Viper  
  135  11:11  Roach  
  135  11:12  Roach x5  
  135  11:17  Roach  
  135  11:18  Roach x4  
  155  11:25  Roach x5  
  161  11:30  Roach  
  155  11:37  Roach x5  
  163  11:42  Roach  
  163  11:48  Overlord x3  
Show
View Real Time Build Order
Export as new Build Order

SpeCial Terran - Winner!

Build Orders: Hellion Opening, Mech 

Get SALT Encoding   

  12  0:00  SCV  
  13  0:12  SCV  
  14  0:17  Supply Depot  
  14  0:25  SCV  
  15  0:38  SCV  
  15  0:40  Barracks  
  16  0:43  Refinery  
  16  0:51  SCV  
  17  1:03  SCV  
  18  1:15  SCV  
  19  1:28  Marine  
  19  1:29  Orbital Command  
  20  1:38  Command Center  
  20  1:46  Marine  
  21  1:52  Factory  
  21  1:56  SCV  
  22  2:05  Supply Depot  
  22  2:06  Barracks Reactor  
  22  2:09  SCV  
  23  2:27  SCV  
  24  2:37  Command Center  
  24  2:39  SCV  
  25  2:50  Hellion  
  25  2:51  Hellion  
  29  2:52  SCV  
  29  2:57  Orbital Command  
  30  3:04  SCV  
  31  3:08  Armory  
  31  3:11  Refinery  
  31  3:16  Hellion  
  33  3:21  Hellion  
  33  3:22  SCV  
  33  3:24  SCV  
  37  3:35  SCV  
  37  3:37  SCV  
  37  3:38  Hellion  
  41  3:42  Hellion  
  41  3:45  Supply Depot  
  41  3:47  SCV  
  44  3:50  Orbital Command  
  44  3:52  SCV  
  45  3:56  Terran Vehicle Weapons Level 1  
  45  3:59  SCV  
  45  4:02  Barracks Tech Lab  
  46  4:06  SCV  
  46  4:08  Hellion  
  49  4:11  SCV, Hellion  
  52  4:17  SCV  
  52  4:19  SCV  
  52  4:23  SCV  
  55  4:25  Supply Depot  
  55  4:27  Factory  
  55  4:29  SCV  
  56  4:32  Factory  
  56  4:34  SCV  
  56  4:36  SCV  
  58  4:40  Hellion x2  
  58  4:45  SCV  
  63  4:46  SCV  
  63  4:48  Supply Depot  
  63  4:50  Refinery  
  63  4:52  Refinery  
  64  4:54  SCV  
  64  4:55  Supply Depot  
  64  4:57  SCV  
  64  4:58  SCV  
  67  5:06  SCV  
  68  5:07  Supply Depot  
  68  5:08  Orbital Command  
  68  5:15  Cyclone  
  68  5:16  Cyclone x2  
  68  5:17  Hellbat  
  68  5:18  SCV x2  
  81  5:26  Supply Depot x2  
  81  5:30  SCV x2  
  81  5:34  SCV  
  84  5:37  Barracks Reactor  
  84  5:39  Starport  
  84  5:42  SCV x2  
  89  5:45  Siege Tank  
  89  5:46  SCV  
  90  5:53  Hellion x2  
  90  5:54  SCV  
  90  5:55  SCV, Factory Tech Lab  
  90  5:56  Hellion  
  96  5:57  Armory  
  96  5:58  SCV  
  97  6:06  Terran Vehicle Weapons Level 2, SCV  
  97  6:07  SCV  
  97  6:10  SCV  
  100  6:14  Hellion  
  100  6:15  Hellion  
  104  6:18  Siege Tank  
  104  6:19  SCV x2  
  104  6:23  SCV  
  108  6:31  SCV x2  
  98  6:35  Siege Tank, SCV  
  98  6:36  Hellion x2  
  98  6:43  SCV x2  
  98  6:47  SCV  
  98  6:49  Refinery x2  
  96  6:55  SCV x2  
  96  6:58  Medivac x2  
  96  6:59  SCV  
  107  7:03  Supply Depot  
  107  7:04  Supply Depot  
  107  7:06  Cyclone  
  107  7:07  Cyclone  
  109  7:12  Supply Depot x2  
  109  7:15  Terran Vehicle And Ship Armor Level 1  
  109  7:16  Hellion x2  
  109  7:18  SCV  
  109  7:20  Command Center  
  109  7:22  Engineering Bay, SCV  
  115  7:34  Factory  
  113  7:37  Siege Tank  
  113  7:38  Supply Depot  
  113  7:39  Supply Depot, Hellion x2  
  113  7:42  Factory  
  120  7:47  Viking x2  
  120  7:50  Supply Depot  
  124  7:52  Supply Depot  
  124  7:54  Siege Tank  
  125  8:00  Hellion x2  
  125  8:03  SCV  
  125  8:04  Supply Depot, SCV x2  
  125  8:05  Supply Depot x3  
  132  8:10  Siege Tank  
  134  8:16  SCV  
  134  8:18  Missile Turret  
  132  8:20  Viking x2  
  132  8:22  Hellion x2  
  132  8:26  Siege Tank  
  141  8:27  Missile Turret, Factory Tech Lab  
  141  8:30  Factory Reactor  
  141  8:32  Missile Turret  
  141  8:37  Planetary Fortress  
  141  8:38  Refinery  
  141  8:42  Siege Tank  
  141  8:43  Hellion x2  
  141  8:47  Refinery  
  151  8:48  Siege Tank  
  151  8:56  SCV  
  151  9:01  Viking x2  
  156  9:04  Hellion x2  
  156  9:05  Siege Tank  
  151  9:20  Siege Tank, Hellion x2  
  158  9:26  Hellion x2  
  158  9:28  Command Center  
  162  9:34  Hellion  
  162  9:37  Siege Tank  
  173  9:41  Hellion  
  173  9:42  Hellion  
  173  9:45  Infernal Pre-Igniter  
  171  9:46  Factory  
  171  9:47  Factory, Hellion x2  
  171  9:50  Liberator x2  
  175  9:55  Siege Tank  
  176  10:04  Siege Tank  
  179  10:09  Hellion x2  
  179  10:14  Command Center, Missile Turret, Hellion x2  
  193  10:15  Siege Tank  
  172  10:30  Hellion x2  
  172  10:32  Siege Tank  
  172  10:34  Liberator  
  172  10:36  Siege Tank  
  172  10:41  Hellion x2  
  172  10:42  Factory Tech Lab  
  173  10:43  Factory Tech Lab  
  173  10:47  Siege Tank  
  160  10:53  Cyclone  
  160  10:54  Hellion  
  145  11:01  Liberator  
  145  11:02  Orbital Command, Hellion  
  144  11:04  Siege Tank x2, Hellion  
  144  11:05  Siege Tank  
  144  11:07  Barracks  
  150  11:13  Hellion  
  150  11:16  Hellion  
  154  11:19  Siege Tank  
  154  11:24  Hellion  
  162  11:26  Hellion  
  164  11:33  Hellion  
  164  11:34  Siege Tank  
  164  11:36  Siege Tank, Hellion  
  164  11:39  Hellion  
  180  11:45  Hellion  
  184  11:47  Hellion  
  184  11:53  Refinery  
Tags
 
Add a new tag
Caveats
  • Supply blocks, unpowered buildings, or Contaminate may cause inaccurate times.
  • Supply counts are checked every 10 seconds.